 Dungeon Crawl Stone Soup version 0.25-a0-42-g6c54e25894 (webtiles) character file.

Game seed: 17579293425342543071, levelgen mode: deterministic

718 Gynju the Magician (level 7, -8/36 HPs)
             Began as a Deep Elf Fire Elementalist on Oct 23, 2019.
             Mangled by Duvessa
             ... wielding a +0 short sword of freezing
              (15 damage)
             ... on level 4 of the Dungeon.
             The game lasted 00:08:19 (4452 turns).

Gynju the Magician (Deep Elf Fire Elementalist)     Turns: 4452, Time: 00:08:19

Health: -8/36      AC:  6    Str:  9    XL:     7   Next: 42%
Magic:  10/18      EV: 15    Int: 22    God:
Gold:   186        SH:  0    Dex: 15    Spells: 10/18 levels left

rFire    . . .     SeeInvis .   q - +4 dire flail (protect)
rCold    . . .     Gourm    .   (shield currently unavailable)
rNeg     . . .     Faith    .   s - +2 robe of Zemnuisch {+Inv Str+4 Stlth-}
rPois    .         Spirit   .   (no helmet)
rElec    .         Reflect  .   m - +0 cloak
rCorr    .         Harm     .   l - +0 pair of gloves
MR       .....                  (no boots)
Stlth    +.........             (no amulet)
HPRegen  0.12/turn              o - ring of wizardry
MPRegen  0.16/turn              (no ring)

@: no status effects
A: no striking features
a: Evoke Invisibility


You were on level 4 of the Dungeon.
You were hungry.

You visited 1 branch of the dungeon, and saw 4 of its levels.

You collected 186 gold pieces.

Inventory:

Hand Weapons
 q - a +4 dire flail of protection (weapon)
Missiles
 e - 231 stones (quivered)
 i - 14 poisoned darts
Armour
 l - a +0 pair of gloves (worn)
 m - a +0 cloak (worn)
 s - the +2 robe of Zemnuisch (worn) {+Inv Str+4 Stlth-}
   (You found it on level 4 of the Dungeon)

   It affects your strength (+4).
   It lets you turn invisible.
   It makes you less stealthy.
Jewellery
 a - an uncursed ring of protection from magic {unknown}
 o - a ring of wizardry (left hand)
Wands
 p - a wand of iceblast (3)
Scrolls
 b - a scroll of identify {@r1}
 d - a scroll of immolation
 g - a scroll of blinking
 h - 3 scrolls of teleportation
Potions
 f - 2 potions of heal wounds
 j - 2 potions of magic
 n - a potion of resistance
 r - a potion of flight {unknown}
Comestibles
 c - 7 rations


   Skills:
 + Level 5.4 Dodging
 - Level 2.4 Stealth
 + Level 6.1 Spellcasting
 + Level 4.4 Conjurations
 + Level 5.5 Fire Magic


You had 10 spell levels left.
You knew the following spells:

 Your Spells              Type           Power        Failure   Level  Hunger
a - Flame Tongue          Conj/Fire      ####.        1%          1    None
b - Conjure Flame         Conj/Fire      ####....     1%          3    #......
c - Sticky Flame          Conj/Fire      ####....     4%          4    ###....

Your spell library contained the following spells:

 Spells                   Type           Power        Failure   Level  Hunger
 Throw Flame              Conj/Fire      ####..       1%          2    None
 Inner Flame              Hex/Fire       ###.....     3%          3    #......
 Fireball                 Conj/Fire      ####......   13%         5    #####..


Dungeon Overview and Level Annotations

Branches:
Dungeon (4/15)
 Temple: D:4-7

Altars:
Okawaru
Ru
Wu Jian
Yredelemnul

Shops:
D:4 (

Annotations:
D:4 Duvessa


Message History

Confirm with . or Enter, or press ? or * to list all spells.
Aiming: Flame Tongue (safe; 1% risk of failure)
Press: ? - help, Shift-Dir - straight line, f/p - Duvessa
Aim: Duvessa, wielding a +0 short sword of freezing and wearing a +0 chain mail (heavily wounded, berserk, fast, unusually strong)
The flame tongue hits Duvessa.
Duvessa is heavily wounded.
Duvessa hits you with a +0 short sword of freezing.
* * * LOW HITPOINT WARNING * * *
Duvessa freezes you.
* * * LOW HITPOINT WARNING * * *
Casting: Flame Tongue (safe; 1% risk of failure)
Confirm with . or Enter, or press ? or * to list all spells.
Aiming: Flame Tongue (safe; 1% risk of failure)
Press: ? - help, Shift-Dir - straight line, f/p - Duvessa
Aim: Duvessa, wielding a +0 short sword of freezing and wearing a +0 chain mail (heavily wounded, berserk, fast, unusually strong)
The flame tongue hits Duvessa.
Duvessa is heavily wounded.
Duvessa hits you but does no damage.
Duvessa hits you with a +0 short sword of freezing!
You die...

...........#
######..#####..##
#..........# ##.## ##.>.
#..........# ##.###### ###.
#.........# ##..###..# ##
#.........##### #........#
#. #.............#
##........# ##.
##....###'###.# ##.........#
#.> .#....# #.#
#.###..#......## ##.
รท...#.###.###.##@.###.....#
## #.....###_..'...e##
##..### #
#.....###.###.....# ####
..###.# #.# #.....## ..# #.#
#+###......# .## ..
...........## ####### ..##
##............# #.....##
...# #........#.###......##
...## #........#..#........#


You could see Duvessa (berserk).

Vanquished Creatures
  Sigmund (D:4)
  Edmund (D:4)
  An ogre (D:4)
  A bullfrog (D:4)
  Dowan (D:4)
  2 hounds (D:4)
  2 worker ants
  4 adders
  2 oozes
  An adder skeleton (D:4)
  A worm (D:3)
  2 dart slugs (D:1)
  4 leopard geckos
  An orc (D:3)
  6 bats
  7 goblins
  8 hobgoblins
  13 jackals
  3 quokkas
  4 ball pythons
  2 frilled lizards
  9 kobolds
  A leopard gecko skeleton (D:4)
  3 rats (D:1)
80 creatures vanquished.

Notes
Turn   | Place    | Note
-------+----------+-------------------------------------------
     0 | D:1      | Gynju the Deep Elf Fire Elementalist began the quest for
                  | the Orb.
     0 | D:1      | Reached XP level 1. HP: 10/10 MP: 6/6
   268 | D:1      | Reached XP level 2. HP: 15/15 MP: 5/8
   863 | D:2      | Found an iron altar of Okawaru.
   870 | D:2      | Reached XP level 3. HP: 19/19 MP: 6/10
   875 | D:2      | Learned a level 3 spell: Conjure Flame
  1757 | D:3      | Reached skill level 4 in Spellcasting
  1757 | D:3      | Reached XP level 4. HP: 13/24 MP: 1/12
  1960 | D:3      | Learned a level 4 spell: Sticky Flame
  2444 | D:3      | Found a sacrificial altar of Ru.
  2969 | D:4      | Reached XP level 5. HP: 28/28 MP: 10/13
  3064 | D:4      | Noticed Dowan
  3285 | D:4      | Killed Dowan
  3340 | D:4      | Found Puetej's Antique Weapon Shoppe.
  3437 | D:4      | Reached skill level 5 in Spellcasting
  3437 | D:4      | Reached XP level 6. HP: 28/32 MP: 7/15
  3669 | D:4      | Found an ornate altar of the Wu Jian Council.
  3797 | D:4      | Noticed Edmund
  3821 | D:4      | Killed Edmund
  3821 | D:4      | Reached skill level 5 in Fire Magic
  3920 | D:4      | Noticed Sigmund
  3963 | D:4      | Killed Sigmund
  3963 | D:4      | Reached skill level 5 in Dodging
  3963 | D:4      | Reached skill level 6 in Spellcasting
  3963 | D:4      | Reached XP level 7. HP: 34/36 MP: 9/18
  4019 | D:4      | Got a faintly glowing robe
  4030 | D:4      | Identified the +2 robe of Zemnuisch {+Inv Str+4 Stlth-}
                  | (You found it on level 4 of the Dungeon)
  4110 | D:4      | Found a basalt altar of Yredelemnul.
  4442 | D:4      | Noticed Duvessa
  4452 | D:4      | Mangled by Duvessa

Levels and vault maps discovered:
D:1:      minmay_arrival_semitransparent, layout_rooms, serial_forest,
          infiniplex_forest_corner_1, infiniplex_forest_clump_diagonal,
          infiniplex_forest_clump_small, infiniplex_forest_corner_2,
          infiniplex_forest_lined_3_way, infiniplex_forest_end_1,
          infiniplex_forest_straight_4, infiniplex_forest_lined_room_,
          infiniplex_forest_lined_3, infiniplex_forest_pool,
          chequers_serial_rivers_micro_d, minmay_misc_feat_plants
D:2:      layout_loops_ring, solitary_fountain, kennysheep_doodads,
          okawaru_trees_2
D:3:      layout_loops_cross, nicolae_ru_the_path_less_chosen
D:4:      layout_cave_pods, lemuel_doored_altar, lemuel_round_altar,
          serial_shops, shop_fountains, sigmund_edmund_badplayer, uniq_duvessa

Skill      XL: |  1  2  3  4  5  6 |
---------------+-------------------+-----
Dodging        | 3 4 5 |  5.4
Conjurations   | 2 3 4 |  4.4
Spellcasting   | 4 5 6 |  6.1
Fire Magic     | 4 5 |  5.5
Stealth        | |  2.4

Action                   |  1- 3 |  4- 6 |  7- 9 || total
-------------------------+-------+-------+-------++-------
Melee: Unarmed           |     1 |       |       ||     1
       Dire flail        |       |       |     2 ||     2
Throw: Stone             |     1 |     2 |     1 ||     4
 Cast: Flame Tongue      |    68 |    95 |    13 ||   176
       Sticky Flame      |       |     2 |       ||     2
       Conjure Flame     |       |     1 |       ||     1
Evoke: Wand              |       |     2 |       ||     2
  Use: Scroll            |       |     8 |       ||     8
  Eat: Chunk             |     2 |     7 |     1 ||    10
Armor: Robe              |     6 |     9 |     4 ||    19
Dodge: Dodged            |    30 |    31 |     9 ||    70

Table legend:
 A = Non-vault XP
 B = Vault XP
 C = Vault XP percentage of total XP
 D = Non-vault monster count
 E = Vault monster count
 F = Vault count percentage of total count
                 A         B        C        D         E       F
            +---------+---------+-------+---------+---------+-------
      Total |     560 |     467 |  45.5 |      77 |       3 |   3.8
            +---------+---------+-------+---------+---------+-------
        D:1 |      29 |       0 |   0.0 |      15 |       0 |   0.0
        D:2 |      56 |       0 |   0.0 |      21 |       0 |   0.0
        D:3 |     101 |       0 |   0.0 |      27 |       0 |   0.0
        D:4 |     374 |     467 |  55.5 |      14 |       3 |  17.6
            +---------+---------+-------+---------+---------+-------
